 Dungeon Crawl Stone Soup version 0.18-a0-943-g2c08dd4 (webtiles) character file.

73 Yawgmoth the Ducker (level 4, 33/33 HPs)
             Began as an Octopode Berserker on Dec 28, 2015.
             Was a Believer of Trog.
             Quit the game on level 2 of the Dungeon.
             The game lasted 00:03:09 (1449 turns).

Yawgmoth the Ducker (Octopode Berserker)            Turns: 1449, Time: 00:03:10

Health: 33/33      AC:  1    Str: 17    XL:     4   Next: 27%
Magic:  4/4        EV: 13    Int:  9    God:    Trog [**....]
Gold:   24         SH:  0    Dex: 11    Spells: 0 memorised, 3 levels left

rFire  . . .     SeeInvis .     e - +1 hand axe (freeze)
rCold  . . .     Gourm    .     (no shield)
rNeg   . . .     Faith    .     (helmet restricted)
rPois  .         Spirit   .     (no amulet)
rElec  .         Dismiss  .     (no ring)
rCorr  .         Reflect  .     (no ring)
SustAt .         Harm     .     (no ring)
MR     .....                    (no ring)
Stlth  ++........               (no ring)
                                (no ring)
                                (no ring)
                                (no ring)

@: not resistant to hostile enchantments, unstealthy
A: almost no armour, amphibious, 8 rings, constrict 8, camouflage 1, gelatinous
body 1
a: Berserk, Trog's Hand, Burn Spellbooks, Renounce Religion


You were on level 2 of the Dungeon.
You worshipped Trog.
Trog was pleased with you.
You were not hungry.

You visited 1 branch of the dungeon, and saw 2 of its levels.

You collected 24 gold pieces.

Inventory:

Hand Weapons
 e - a +1 hand axe of freezing (weapon)
 g - a +0 hand axe
Jewellery
 d - a cursed ring of teleportation {unknown}
Scrolls
 b - 2 scrolls of remove curse {unknown}
 c - a scroll of fear {unknown}
 i - a scroll of enchant armour {unknown}
 k - a scroll of enchant weapon {unknown}
 n - a scroll of fog {unknown}
 o - a scroll of noise {unknown}
Potions
 f - a potion of agility {unknown}
 l - a potion of cancellation {unknown}
 p - a potion of poison {unknown}
 q - a potion of degeneration {unknown}
 r - a potion of curing {unknown}
Comestibles
 a - a bread ration
 h - 2 meat rations
 j - 2 beef jerkies
 m - a slice of pizza


   Skills:
 + Level 3.7 Fighting
 + Level 3.9 Dodging
 - Level 3.5 Unarmed Combat


You had 3 spell levels left.
You didn't know any spells.

Dungeon Overview and Level Annotations

Branches:
Dungeon (2/15)

Altars:
Cheibriados
Sif Muna


Innate Abilities, Weirdness & Mutations

You cannot wear most types of armour.
You are amphibious.
You can wear up to eight rings at the same time.
You can use your tentacles to constrict eight enemies at once.
Your skin changes colour to match your surroundings (Stealth).
Your rubbery body absorbs attacks (AC +1).


Message History

You are no longer poisoned.
You start resting.
You are feeling very hungry.
You start resting.
You are near starving!
You start resting.
HP restored.
Eat which item? (? for menu, Esc to quit)
You continue eating. x2
You finish eating.
That bread ration really hit the spot!
Things that are here:
a club; a hobgoblin skeleton
Found a deep blue altar of Sif Muna.
There is a deep blue altar of Sif Muna here.
Unknown command.
Saving game... please wait.
Welcome back, Yawgmoth the Octopode Berserker.
Trog says: Kill them all!
Press ? for a list of commands and other information.
Are you sure you want to abandon this character and quit the game? (Confirm with "yes".)

#.##########..#
#.....####..
#.............#
#........'..
#############.#
#....#####..
#.####....# #..
#....#....# ###
###########
##..## ..####
##.##.##.###.#
#@##.##.##)..#
###.##.##.##.#
#...#...##.#
##########.#
#.# #.# #.# #.#
#.#


There were no monsters in sight!

Vanquished Creatures
  4 adders (D:2)
  An ooze (D:2)
  A worm (D:2)
  A ball python (D:2)
  5 bats
  4 giant cockroaches (D:1)
  3 hobgoblins (D:2)
  A giant newt (D:1)
  6 goblins (D:2)
  3 kobolds (D:1)
  2 rats (D:2)
31 creatures vanquished.

Notes
Turn   | Place    | Note
--------------------------------------------------------------
     0 | D:1      | Yawgmoth the Octopode Berserker began the quest for the Orb.
     0 | D:1      | Reached XP level 1. HP: 16/16 MP: 1/1
   160 | D:1      | Reached XP level 2. HP: 19/21 MP: 2/2
   490 | D:2      | Reached XP level 3. HP: 23/26 MP: 3/3
   497 | D:2      | Found a snail-covered altar of Cheibriados.
   551 | D:2      | Reached ** piety under Trog
  1083 | D:2      | Reached XP level 4. HP: 28/32 MP: 4/4
  1445 | D:2      | Found a deep blue altar of Sif Muna.
  1449 | D:2      | Quit the game

Vault maps used:
D:1:      dpeg_arrival_rooms_b, hangedman_decor_lopped
D:2:      marbit_many_paths, old_standard_altar, first_bread

Action                   |  1- 3 |  4- 6 || total
-------------------------+-------+-------++-------
Melee: Unarmed           |    10 |       ||    10
       Hand axe          |    32 |    11 ||    43
 Stab: Sleeping          |     4 |     2 ||     6
  Eat: Bread ration      |       |     1 ||     1
